 Dungeon Crawl Stone Soup version 0.26-a0-661-g406de6ba63 (webtiles) character file.

Game seed: 10323370583702598234

21382 zazu2006 the Covert (level 12, 0/104 HPs)
             Began as a Naga Hedge Wizard on Oct 9, 2020.
             Was a Believer of Qazlal.
             Slain by a catoblepas (21 damage)
             ... in a Gauntlet.
             The game lasted 01:01:42 (16183 turns).

zazu2006 the Covert (Naga Hedge Wizard)            Turns: 16183, Time: 01:01:43

Health: 0/104      AC: 16    Str: 21    XL:     12   Next: 89%
Magic:  23/25      EV: 12    Int: 17    God:    Qazlal [**....]
Gold:   924        SH: 11    Dex: 11    Spells: 20/29 levels left

rFire    . . .     SeeInvis +   q - +1 short sword (protect)
rCold    . . .     Faith    .   L - +0 buckler
rNeg     + . .     Spirit   .   m - +0 troll leather armour {Purgy}
rPois    +         Reflect  .   F - +0 helmet
rElec    .         Harm     .   w - +0 cloak
rCorr    .         Rampage  .   (no gloves)
MR       +....     Rnd*Rage +   (no barding) Stlth ++++......NoTele +
                                x - amulet of magic regeneration
HPRegen  0.67/turn              h - +6 ring of strength
MPRegen  0.44/turn              s - ring of positive energy

@: short of breath, protection aura, berserk cooldown, very slow
A: large, large bone plates 1, see invisible, berserk 1, deformed body, poison
resistance, slowness 2, spit poison 1, AC +4
a: Spit Poison, Upheaval, Renounce Religion


You were in a Gauntlet.
You worshipped Qazlal.
Qazlal was pleased with you.
You visited 3 branches of the dungeon, and saw 15 of its levels.
You also visited: Sewer, Ossuary, Bailey and Gauntlet.

You collected 936 gold pieces.
You spent 12 gold pieces at shops.

Inventory:

Hand Weapons
 q - a +1 short sword of protection (weapon)
Missiles
 N - 31 poisoned darts (quivered)
Armour
 d - a +1 leather armour
 m - a +0 troll leather armour (worn) {Purgy}
 w - a +0 cloak (worn)
 y - the +5 kite shield of True Grit {Int+4 Dex+7 Slay+2}
   (You found it on level 5 of the Dungeon)

   It affects your intelligence (+4).
   It affects your dexterity (+7).
   It affects your accuracy and damage with ranged weapons and melee attacks
   (+2).
 F - a +0 helmet (worn)
 I - +0 steam dragon scales
 L - a +0 buckler (worn)
Jewellery
 h - a +6 ring of strength (left hand)
 o - a +4 ring of protection
 s - a ring of positive energy (right hand)
 x - an amulet of magic regeneration (around neck)
 J - an uncursed amulet of faith {unknown}
 S - an uncursed ring of flight {unknown}
Wands
 c - a wand of polymorph (9)
 v - a wand of digging (7)
 O - a wand of paralysis (15)
 P - a wand of enslavement (3)
 R - a wand of flame (11)
Scrolls
 e - a scroll of immolation
 j - 4 scrolls of teleportation
 k - 6 scrolls of remove curse
 l - 3 scrolls of blinking
 n - 4 scrolls of noise
 r - 2 scrolls of magic mapping
 t - a scroll of acquirement {unknown}
 A - 2 scrolls of enchant armour
 B - 14 scrolls of enchant weapon
 C - a scroll of fear
 E - a scroll of silence
 Q - a scroll of fog {unknown}
Potions
 a - 4 potions of invisibility {unknown}
 b - 6 potions of curing
 f - 2 potions of resistance
 g - 2 potions of heal wounds
 i - 5 potions of might
 p - 4 potions of haste
 u - 6 potions of flight
 z - 4 potions of lignification
 D - a potion of magic
 G - a potion of berserk rage
 H - 4 potions of brilliance {unknown}
 K - a potion of experience
 M - 10 potions of ambrosia


   Skills:
 + Level 5.8 Fighting
 + Level 4.7 Armour
 + Level 5.9 Dodging
 + Level 11.3 Stealth
 + Level 5.4 Shields
 + Level 9.2 Spellcasting
 + Level 7.9 Conjurations
   Level 1.0 Summonings
 + Level 4.2 Translocations
 + Level 1.5 Fire Magic
 + Level 5.2 Air Magic
 + Level 7.8 Poison Magic
 + Level 1.4 Evocations


You had 20 spell levels left.
You knew the following spells:

 Your Spells              Type           Power        Failure   Level
a - Magic Dart            Conj           ####         1%          1
b - Mephitic Cloud        Conj/Pois/Air  ####....     1%          3
c - Conjure Flame         Conj/Fire      ###.....     4%          3
d - Blink                 Tloc           N/A          2%          2

Your spell library contained the following spells:

 Spells                   Type           Power        Failure   Level
 Gell's Gravitas          Tloc           ###.......   5%          3
 Call Imp                 Summ           ##......     11%         2
 Slow                     Hex            #.......     16%         2
 Confusing Touch          Hex            #.......     32%         3
 Irradiate                Conj/Tmut      ###.......   50%         5
 Petrify                  Tmut/Erth      #.......     71%         4
 Metabolic Englaciation   Hex/Ice        #.........   96%         5
 Yara's Violent Unravell  Hex/Tmut       #.........   96%         5
 Hydra Form               Tmut           #.........   100%        6
 Statue Form              Tmut/Erth      #........    100%        6
 Dragon Form              Tmut           #.........   100%        7


Dungeon Overview and Level Annotations

Branches:
Dungeon (10/15)            Temple (1/1) D:7            Lair (4/6) D:10
  Swamp (0/4) Lair:2        Snake (0/4) Lair:4        Sewer (visited)
Ossuary (visited)          Bailey (visited)         Gauntlet (1/1)
    Orc: D:9-12

Altars:
Ashenzari
Cheibriados
Elyvilon
Fedhas
Gozag
Hepliaklqana
Kikubaaqudgha
Makhleb
Nemelex Xobeh
Okawaru
Qazlal
Ru
Sif Muna
Trog
Uskayaw
Wu Jian
Xom
Yredelemnul
Zin
The Shining One

Shops:
D:5 *!*[   D:6 [   D:9 [

Annotations:
D:3 1 runed translucent door, TheGamechu's ghost, amateur HOFi
Lair:2 exclusion: oklob plant
Lair:3 exclusion: 4 oklob plants Gauntlet 14 transporters, exclusion: 2 orange crystal statues


Innate Abilities, Weirdness & Mutations

You cannot wear boots.
Your serpentine skin is tough. (AC +4)
You have supernaturally acute eyesight. (SInv)
Armour fits poorly on your strangely shaped body.
Your system is resistant to poisons. (rPois)
You cover ground very slowly.
You can spit poison.
You are partially covered in large bone plates. (SH +4)
You tend to lose your temper in combat.


Message History

The catoblepas is lightly wounded.
The catoblepas is engulfed in noxious fumes.
The catoblepas gores the gargoyle!
The gargoyle is destroyed!
Qazlal accepts your kill.
Unknown command.
Unknown command.
You hit the catoblepas but do no damage.
Your weapon exudes an aura of protection.
The catoblepas is lightly wounded.
The catoblepas is engulfed in noxious fumes.
The catoblepas gores you!!
* * * LOW HITPOINT WARNING * * *
Unknown command.
Casting: Mephitic Cloud (safe; 1% risk of failure)
Confirm with . or Enter, or press ? or * to list all spells.
You blink.
The catoblepas is engulfed in noxious fumes.
The catoblepas appears confused.
The catoblepas gores you!!
You die...

..................###
##...###########..#8#
.#...#Y..#.#...#..###
g#.∩.#..#...#..#....#
g#...#.##...##.#....###
x#...##..#.##.?###..#8#
g#©.©#...^©^#.9#§#..###
.#...##..#.##..#Y#..#
.#...#.##^..##.#@#..###
.#...#..#...#..#.#..#8#
.#...#...#§#...#.#..#########
##.§.###########.#........#8#
...≈...........#.#........#####
..≈8≈....#######.#######.....≈###
...≈.....#©...........©#......#8#
##...#######################..###
h#...#......#..#§#....J....#..#


You could see a catoblepas (confused) and a gargoyle.

Vanquished Creatures
  4 death yaks
  4 orc knights (Bailey)
  3 elephants (Lair:4)
  Joseph (D:6)
  A torpor snail (Lair:2)
  Maggie (D:8)
  A gargoyle (Gauntlet)
  5 cane toads
  6 komodo dragons
  2 rime drakes (Lair:4)
  2 trolls
  A polar bear (Lair:2)
  10 blink frogs (Lair:3)
  A vampire (D:9)
  3 wyverns
  8 yaks
  3 wraiths (D:9)
  A swamp worm (Lair:2)
  7 water moccasins
  13 orc warriors
  3 ice beasts
  3 phantoms
  A sky beast (D:6)
  Purgy (Sewer)
  A black bear (D:10)
  8 ogres
  9 wolves
  6 centaurs
  13 bullfrogs
  21 killer bees
  2 scorpions
  An electric eel (Lair:1)
  10 howler monkeys
  6 hounds
  An orc priest (D:8)
  A bullfrog skeleton (D:10)
  2 centaur skeletons (D:10)
  A hell rat (D:10)
  6 iguanas
  Ijyb (D:3)
  9 orc wizards
  11 worker ants
  A killer bee zombie (D:7)
  2 hound zombies
  A hound skeleton (D:6)
  A howler monkey zombie (D:7)
  12 mummies (Ossuary)
  2 worker ant zombies
  4 gnolls
  14 adders
  A howler monkey skeleton (D:8)
  A river rat (D:10)
  A shadow imp (D:5)
  2 white imps
  2 oozes
  An adder skeleton (D:7)
  6 worms
  4 leopard geckos
  47 orcs
  7 ball pythons
  11 giant cockroaches
  9 goblins
  6 hobgoblins
  6 kobolds
  7 quokkas
  7 bats
  5 frilled lizards
  A gnoll skeleton (Ossuary)
  4 goblin skeletons (Ossuary)
  A jackal skeleton (D:8)
  A kobold skeleton (Ossuary)
  2 orc skeletons (Ossuary)
  A quokka skeleton (D:8)
  A quokka zombie (D:9)
  10 rats
  11 rat skeletons (Ossuary)
386 creatures vanquished.

Vanquished Creatures (collateral kills)
  4 killer bees (Lair:2)
  A hound (D:6)
5 creatures vanquished.

Vanquished Creatures (others)
  A queen bee (Lair:2)
  A sky beast (D:5)
  A killer bee (Lair:2)
  12 fungi
  12 plants
  17 withered plants (Gauntlet)
44 creatures vanquished.

Grand Total: 435 creatures vanquished

Notes
Turn   | Place    | Note
-------+----------+-------------------------------------------
     0 | D:1      | zazu2006 the Naga Hedge Wizard began the quest for the Orb.
     0 | D:1      | Reached XP level 1. HP: 15/15 MP: 4/4
   324 | D:1      | Reached XP level 2. HP: 22/22 MP: 1/6
   613 | D:1      | Reached XP level 3. HP: 28/28 MP: 5/7
   618 | D:1      | Learned a level 3 spell: Mephitic Cloud
   622 | D:1      | Learned a level 3 spell: Conjure Flame
  1204 | D:2      | Found a stormy altar of Qazlal.
  1296 | D:2      | Reached skill level 1 in Poison Magic
  1296 | D:2      | Reached XP level 4. HP: 30/36 MP: 1/9
  1446 | D:2      | Found a burning altar of Makhleb.
  2183 | D:2      | Found a bloodstained altar of Trog.
  2805 | D:3      | Reached XP level 5. HP: 42/43 MP: 8/10
  2997 | D:3      | Found a runed translucent door.
  2997 | D:3      | Noticed TheGamechu's ghost (amateur HOFi)
  3297 | D:3      | Reached skill level 1 in Armour
  3319 | D:3      | Noticed Ijyb
  3340 | D:3      | Killed Ijyb
  3809 | D:4      | Reached XP level 6. HP: 46/50 MP: 8/12
  3882 | D:4      | Noticed a phantom
  3913 | D:4      | Killed a phantom
  3913 | D:4      | Reached skill level 1 in Fighting
  3940 | D:4      | Found a snail-covered altar of Cheibriados.
  4112 | D:4      | Reached XP level 7. HP: 40/57 MP: 6/13
  4585 | D:5      | Entered Level 5 of the Dungeon
  4656 | D:5      | Found Tyvuheag's Distillery.
  4660 | D:5      | Found Neijatos's General Store.
  4661 | D:5      | Found Ebriag's Assorted Antiques.
  4665 | D:5      | Found Deucy's Antique Armour Boutique.
  4668 | D:5      | Bought a potion of degeneration for 12 gold pieces
  4690 | D:5      | Reached skill level 5 in Spellcasting
  4711 | D:5      | Reached skill level 5 in Poison Magic
  4715 | D:5      | Reached XP level 8. HP: 40/67 MP: 11/15
  4754 | D:5      | Reached skill level 4 in Stealth
  4772 | D:5      | Reached skill level 1 in Air Magic
  4966 | D:5      | Found a glowing drain.
  4972 | Sewer    | Entered a sewer
  5082 | Sewer    | Noticed Purgy
  5126 | Sewer    | Killed Purgy
  5674 | D:5      | Got a jewelled kite shield
  5675 | D:5      | Identified the +5 kite shield of True Grit {Int+4 Dex+7
                  | Slay+2} (You found it on level 5 of the Dungeon)
  5752 | D:6      | Reached skill level 5 in Stealth
  5752 | D:6      | Reached skill level 1 in Shields
  5811 | D:6      | Found Inosakh's Armour Shoppe.
  5824 | D:6      | Found an ornate altar of the Wu Jian Council.
  5924 | D:6      | Found a sand-covered staircase.
  5929 | Ossuary  | Entered an ossuary
  6179 | Ossuary  | Reached XP level 9. HP: 67/74 MP: 17/17
  6635 | D:6      | Found a white marble altar of Elyvilon.
  6738 | D:6      | Reached skill level 5 in Conjurations
  7007 | D:7      | Noticed Joseph
  7050 | D:6      | Learned a level 2 spell: Blink
  7194 | D:6      | Reached skill level 6 in Stealth
  7369 | D:6      | Killed Joseph
  7563 | D:7      | Found a staircase to the Ecumenical Temple.
  8097 | D:8      | Reached XP level 10. HP: 74/85 MP: 19/19
  8219 | D:8      | Noticed Maggie
  8246 | D:8      | Killed Maggie
  8246 | D:8      | Reached skill level 7 in Stealth
  8672 | Temple   | Entered the Ecumenical Temple
  8841 | D:9      | Found the +5 scythe "Finisher" {speed, eviscerate}
  8844 | D:9      | Found Acoc's Armour Emporium.
  9480 | D:9      | Reached skill level 1 in Evocations
  9546 | D:9      | Reached skill level 8 in Stealth
  9894 | D:10     | Entered Level 10 of the Dungeon
 10036 | D:10     | Found a snail-covered altar of Cheibriados.
 10048 | D:10     | Noticed a death yak
 10053 | D:10     | Noticed a death yak
 10054 | D:10     | Noticed a death yak
 10055 | D:10     | Gained mutation: You tend to lose your temper in combat.
                  | [potion of mutation]
 10055 | D:10     | Gained mutation: You are partially covered in large bone
                  | plates. (SH +4) [potion of mutation]
 10066 | D:10     | Found a staircase to the Lair.
 10154 | D:10     | Reached skill level 9 in Stealth
 10183 | D:10     | Found a flagged portal.
 10192 | Bailey   | Entered a bailey
 10466 | Bailey   | Reached XP level 11. HP: 55/93 MP: 8/21
 10525 | Bailey   | Noticed an orc knight
 10546 | Bailey   | Noticed an orc knight
 10576 | Bailey   | Killed an orc knight
 10690 | Bailey   | Noticed an orc knight
 10735 | Bailey   | Killed an orc knight
 10735 | Bailey   | Reached skill level 5 in Dodging
 10737 | Bailey   | Killed an orc knight
 10802 | Bailey   | Noticed an orc knight
 10842 | Bailey   | Killed an orc knight
 11060 | D:10     | Killed a death yak
 11060 | D:10     | Reached skill level 10 in Stealth
 11367 | D:10     | Killed a death yak
 11607 | D:2      | Became a worshipper of Qazlal Stormbringer
 11805 | D:10     | Killed a death yak
 11805 | D:10     | Reached skill level 5 in Fighting
 12088 | Lair:1   | Entered Level 1 of the Lair of Beasts
 12894 | Lair:2   | Reached skill level 1 in Fire Magic
 12989 | Lair:2   | Reached XP level 12. HP: 90/103 MP: 24/24
 13247 | Lair:2   | Found a staircase to the Swamp.
 13731 | Lair:2   | Reached * piety under Qazlal
 14059 | Lair:3   | Reached skill level 5 in Shields
 14255 | Lair:3   | Noticed a death yak
 14306 | Lair:2   | Killed a death yak
 14306 | Lair:2   | Reached skill level 11 in Stealth
 14577 | Lair:3   | Reached ** piety under Qazlal
 14577 | Lair:3   | Reached skill level 5 in Air Magic
 15516 | Lair:4   | Found a gate leading to a gauntlet.
 15554 | Gauntlet | Entered a Gauntlet
 15554 | Gauntlet | Found a transporter.
 15554 | Gauntlet | Found a transporter.
 15558 | Gauntlet | Found a transporter.
 15558 | Gauntlet | Found a transporter.
 15565 | Gauntlet | Noticed a catoblepas
 15571 | Gauntlet | Noticed a hell hog
 15588 | Gauntlet | Found a transporter.
 15603 | Gauntlet | Found a transporter.
 15619 | Gauntlet | Found a transporter.
 15632 | Gauntlet | Found a transporter.
 15648 | Gauntlet | Found a transporter.
 15684 | Gauntlet | Noticed a two-headed ogre
 15684 | Gauntlet | a merfolk changed into a two-headed ogre
 15685 | Gauntlet | a two-headed ogre changed into a snapping turtle
 15734 | Gauntlet | Found a transporter.
 15739 | Gauntlet | Found a transporter.
 15745 | Gauntlet | Found a transporter.
 15749 | Gauntlet | Found a transporter.
 15750 | Gauntlet | Noticed a reaper
 15807 | Gauntlet | Found a transporter.
 15846 | Gauntlet | Found a transporter.
 15858 | Gauntlet | Noticed a death ooze
 15860 | Gauntlet | Found a transporter.
 15988 | Gauntlet | Noticed a shock serpent
 15988 | Gauntlet | a swamp worm changed into a shock serpent
 15993 | Gauntlet | a shock serpent changed into a cyclops
 16183 | Gauntlet | Slain by a catoblepas

Illustrated notes

Levels and vault maps discovered:
D:1:      lemuel_arrival_behind_the_door_large, layout_basic,
          serial_bayou_ford_a
D:2:      layout_loops_cross, bloody_makhleb, marbit_many_paths, bloody_trog
D:3:      layout_basic, hellmonk_ghost_happy_afterlife, uniq_ijyb
D:4:      layout_loops_ring, kennysheep_mini_moat,
          nicolae_overflow_hidden_temple
D:5:      layout_rooms, gup_sewer_entry_bubbles, minmay_shop_grid_forest
D:6:      layout_rooms, lemuel_doored_altar, elyvilon_altar_1, enter_ossuary_5,
          serial_shops, shop_fountains
D:7:      layout_cave_pools, minmay_temple_entry_trees, uniq_joseph
D:8:      layout_basic, uniq_maggie
D:9:      layout_small_grid, serial_shops, nicolae_shop_trees,
          minmay_guarded_unrand_finisher
D:10:     layout_small_grid, dpeg_lair_monsters, enter_bailey_2,
          lemuel_altar_in_water
Temple:   eino_temple_lava
Lair:1:   layout_gridlike, st_stairs_12
Lair:2:   minmay_lair_oklob_tunnel, layout_cave_pods, minmay_swamp_entry_worms,
          special_room [special_room_bee]
Lair:3:   layout_roguey, minmay_lair_oklob_chamber, grunt_megastairs_2
Lair:4:   layout_cave_shapes, guppyfry_snake_entry_island,
          gauntlet_entry_generic, grunt_megastairs_5
Gauntlet: gammafunk_gauntlet_branching [gammafunk_gauntlet_arena_split_diamond,
          gammafunk_gauntlet_arena_chambers,
          nicolae_gauntlet_arena_flowing_pool, nicolae_gauntlet_arena_quarters,
          nicolae_gauntlet_swirl, nicolae_gauntlet_arena_t_cross,
          gammafunk_gauntlet_arena_grid, gammafunk_gauntlet_arena_hedges,
          gauntlet_exit_hidden_loot]

Skill      XL: |  1  2  3  4  5  6  7  8  9 10 11 12 |
---------------+-------------------------------------+-----
Conjurations   | 2 3 4 5 6 7 |  7.9
Poison Magic   | 1 2 4 5 6 7 |  7.8
Spellcasting   | 4 5 6 7 8 9 |  9.2
Armour         | 1 2 3 4 |  4.7
Dodging        | 2 3 4 5 |  5.9
Fighting       | 1 2 3 4 5 |  5.8
Stealth        | 5 6 9 10 11 | 11.3
Air Magic      | 1 2 3 4 5 |  5.2
Shields        | 1 3 4 5 |  5.4
Evocations     | 1 |  1.4
Translocations | 2 3 4 |  4.2
Fire Magic     | 1 |  1.5
Summonings     | |  1.0

Action                   |  1- 3 |  4- 6 |  7- 9 | 10-12 || total
-------------------------+-------+-------+-------+-------++-------
Melee: Dagger            |     6 |     5 |       |       ||    11
       Short sword       |       |   102 |   543 |   739 ||  1384
 Cast: Magic Dart        |    47 |   144 |   246 |   165 ||   602
       Mephitic Cloud    |       |     4 |    45 |   127 ||   176
       Conjure Flame     |       |       |     6 |    23 ||    29
       Blink             |       |       |       |    65 ||    65
 Abil: Spit Poison       |    11 |    18 |    11 |    48 ||    88
Evoke: Wand              |       |       |     1 |     8 ||     9
  Use: Scroll            |       |       |    11 |    16 ||    27
       Potion            |       |       |       |     5 ||     5
 Stab: Sleeping          |       |     2 |     4 |     6 ||    12
       Confused          |       |       |    20 |    56 ||    76
Armor: Leather armour    |     3 |    56 |    95 |       ||   154
       Troll leather arm |       |       |   270 |   226 ||   496
Dodge: Dodged            |    13 |    47 |   411 |   406 ||   877
Block: Buckler           |       |       |       |   299 ||   299

Table legend: (Time is in decaauts)
 A = Elapsed time spent in this place.
 B = Non-inter-level travel time spent in this place.
 C = Inter-level travel time spent in this place.
 D = Time resting spent in this place.
 E = Time spent auto-exploring this place.
 F = Levels seen in this place.
 G = Mean time per level.
                   A        B        C        D        E       F      G
               +--------+--------+--------+--------+--------+-----+--------+
         Total |  20396 |  19273 |   1123 |   1481 |  10936 |  19 | 1073.5 |
       Dungeon |  13011 |  12009 |   1002 |    717 |   7541 |  10 | 1301.1 |
        Temple |    145 |    124 |     21 |      0 |     75 |   1 |  145.0 |
          Lair |   4405 |   4305 |    100 |    424 |   2701 |   4 | 1101.2 |
         Sewer |    441 |    441 |      0 |      0 |    316 |   1 |  441.0 |
       Ossuary |    638 |    638 |      0 |     79 |    246 |   1 |  638.0 |
        Bailey |    868 |    868 |      0 |    261 |     54 |   1 |  868.0 |
      Gauntlet |    885 |    885 |      0 |      0 |      0 |   1 |  885.0 |
               +--------+--------+--------+--------+--------+-----+--------+

Top non-repeatable levels by time:
     D:2: 1817 daAuts
  Lair:2: 1785 daAuts
     D:9: 1528 daAuts
     D:3: 1521 daAuts
  Lair:3: 1450 daAuts
    D:10: 1346 daAuts
     D:6: 1257 daAuts
     D:1: 1247 daAuts
     D:5: 1101 daAuts
     D:4: 1095 daAuts
     D:7: 1061 daAuts
     D:8: 1035 daAuts
  Lair:1: 990 daAuts
Gauntlet: 885 daAuts
  Bailey: 868 daAuts
